 Dungeon Crawl Stone Soup version 0.23.2-40-g277498a001 (webtiles) character file.

Game seed: 3050708776167521705

14933 Exodus22XD the Destroyer (level 11, -7/54 HPs)
             Began as a Deep Elf Wizard on Sept 16, 2019.
             Was an Elder of Vehumet.
             Mangled by Rupert
             ... wielding a +0 great mace of protection
              (18 damage)
             ... on level 3 of the Lair of Beasts.
             The game lasted 01:54:45 (17358 turns).

Exodus22XD the Destroyer (Deep Elf Wizard)         Turns: 17358, Time: 01:54:46

Health: -7/54      AC:  7    Str:  4    XL:     11   Next: 95%
Magic:  2/28       EV: 18    Int: 27    God:    Vehumet [****..]
Gold:   1229       SH:  0    Dex: 13    Spells: 14/32 levels left

rFire    . . .     SeeInvis .   c - +0 mace (protect)
rCold    + . .     Gourm    +   (no shield)
rNeg     + . .     Faith    .   a - +0 robe
rPois    +         Spirit   .   n - +0 helmet
rElec    .         Reflect  .   (no cloak)
rCorr    .         Harm     .   f - +2 pair of gloves
MR       ++...                  s - +0 pair of boots
Stlth    ++........             O - amulet of Vogufead {Gourm rC+ rN+ MR+}
HPRegen  0.18/turn              y - +5 ring of evasion
MPRegen  0.21/turn              I - ring of poison resistance

@: no status effects
A: no striking features
a: Renounce Religion


You were on level 3 of the Lair of Beasts.
You worshipped Vehumet.
Vehumet was greatly pleased with you.
You were completely stuffed.

You visited 3 branches of the dungeon, and saw 14 of its levels.
You also visited: Ossuary.

You collected 1229 gold pieces.

Inventory:

Hand Weapons
 c - a +0 mace of protection (weapon)
Armour
 a - a +0 robe (worn)
 f - a +2 pair of gloves (worn)
 n - a +0 helmet (worn)
 s - a +0 pair of boots (worn)
Jewellery
 y - a +5 ring of evasion (left hand)
 F - an uncursed ring of positive energy
 G - an uncursed ring of ice
 I - a ring of poison resistance (right hand)
 O - the amulet of Vogufead (around neck) {Gourm rC+ rN+ MR+}
   (You found it on level 4 of the Lair of Beasts)

   [amulet of the gourmand]

   It allows you to eat raw meat even when not hungry.
   It protects you from cold.
   It protects you from negative energy.
   It affects your resistance to hostile enchantments.
Wands
 A - a wand of disintegration (14)
 D - a wand of iceblast (1)
 L - a wand of random effects (28)
Scrolls
 g - a scroll of enchant armour
 i - 2 scrolls of amnesia
 j - 3 scrolls of fear
 k - a scroll of blinking
 l - 8 scrolls of remove curse
 o - 3 scrolls of magic mapping
 r - 2 scrolls of fog
 t - 2 scrolls of immolation
 x - a scroll of enchant weapon {unknown}
 H - a scroll of silence {unknown}
 J - a scroll of holy word {unknown}
Potions
 b - a potion of mutation
 e - a potion of resistance
 h - a potion of cancellation {unknown}
 m - 2 potions of curing
 p - a potion of agility {unknown}
 q - 3 potions of lignification
 u - a potion of haste {unknown}
 v - 2 potions of experience {unknown}
 w - a potion of brilliance {unknown}
 z - a potion of invisibility {unknown}
 B - 2 potions of heal wounds {unknown}
 K - a potion of berserk rage {unknown}
Comestibles
 d - 28 rations
 C - 2 chunks of flesh


   Skills:
 - Level 2.4 Dodging
 - Level 2.4 Stealth
 * Level 11.1 Spellcasting
 - Level 14.1 Conjurations
 - Level 10.6 Summonings
 - Level 1.1 Translocations
 - Level 7.1 Fire Magic


You had 14 spell levels left.
You knew the following spells:

 Your Spells              Type           Power        Failure   Level  Hunger
a - Shock                 Conj/Air       ####         1%          1    None
b - Summon Lightning Spi  Summ/Air       #####...     4%          4    None
c - Blink                 Tloc           N/A          3%          2    None
d - Conjure Flame         Conj/Fire      ######..     1%          3    None
e - Mephitic Cloud        Conj/Pois/Air  #####...     1%          3    None
f - Venom Bolt            Conj/Pois      ######....   1%          5    ###....

Your spell library contained the following spells:

 Spells                   Type           Power        Failure   Level  Hunger
 Magic Dart               Conj           ####         0%          1    None
 Summon Small Mammal      Summ           ####         1%          1    None
 Call Imp                 Summ           ######..     1%          2    None
 Call Canine Familiar     Summ           ######..     1%          3    None
 Summon Guardian Golem    Hex/Summ       #####...     1%          3    None
 Apportation              Tloc           ###...       2%          1    None
 Animate Skeleton         Necr           N/A          3%          1    None
 Confusing Touch          Hex            ###...       3%          1    None
 Summon Ice Beast         Ice/Summ       #####...     4%          4    None
 Slow                     Hex            ###.....     6%          2    None


Dungeon Overview and Level Annotations

Branches:
Dungeon (9/15)             Temple (1/1) D:6            Lair (4/6) D:9
 Shoals (0/4) Lair:3        Snake (0/4) Lair:3
    Orc: D:9-12

Altars:
Cheibriados
Hepliaklqana
Kikubaaqudgha
Nemelex Xobeh
Okawaru
Ru
Trog
Vehumet
Zin

Shops:
D:4 (?

Annotations:
Lair:3 3 runed translucent doors, Rupert


Message History

Evoke which item? (* to show all) (? for menu, Esc to quit)
Aiming: Disintegrate
Press: ? - help, Shift-Dir - straight line, f/p - Rupert
Aim: Rupert, wielding a +0 great mace of protection and wearing a +0 ring mail (almost dead, berserk, fast, unusually strong, chance to defeat MR: 7%)
Okay, then.
Evoke which item? (* to show all) (? for menu, Esc to quit)
Aiming: Iceblast
Press: ? - help, Shift-Dir - straight line, f/p - Rupert
Aim: Rupert, wielding a +0 great mace of protection and wearing a +0 ring mail (almost dead, berserk, fast, unusually strong)
The mass of ice explodes!
The iceblast engulfs Rupert!
Rupert is almost dead.
You hear an angry hiss.
Evoke which item? (* to show all) (? for menu, Esc to quit)
Aiming: Iceblast
Press: ? - help, Shift-Dir - straight line, f/p - Rupert
Aim: Rupert, wielding a +0 great mace of protection and wearing a +0 ring mail (almost dead, berserk, fast, unusually strong)
The mass of ice explodes!
The iceblast engulfs Rupert!
Rupert is almost dead.
Rupert hits you with a +0 great mace of protection!!
You die...

##.## .......>..# #
#...# #...............##
#
##.####...............#
#.# #................#
#.###................. #
##...#................#.
#.
#.......................
##
##....................#
# #........@@....... #
##..#.........##..
#.#.#........#
#..#......#.##
#..#.รท.###### #..#....#
#..#....# ##..##..P#
#...##..##


You could see Rupert (berserk).

Vanquished Creatures
  Harold (Lair:2)
  2 hydras
  An unseen horror (D:9)
  Pikel (D:4)
  A black mamba (Lair:2)
  2 elephants (Lair:3)
  4 spiny frogs
  A komodo dragon (Lair:3)
  A queen bee (Lair:1)
  3 hippogriffs
  A wyvern (D:6)
  10 yaks
  2 basilisks
  A hungry ghost (D:8)
  A naga (Lair:3)
  5 water moccasins
  Duvessa (D:4)
  5 porcupines
  4 slaves (D:4)
  2 orc warriors
  2 sky beasts
  A black bear (D:7)
  A phantom (D:7)
  2 ogres
  2 wolves (Lair:3)
  2 centaurs
  5 crocodiles
  An elf zombie (D:8)
  A big kobold (D:9)
  Blork the orc (D:4)
  8 bullfrogs
  Dowan (D:4)
  A scorpion (D:7)
  25 killer bees (Lair:1)
  3 wights (D:7)
  3 howler monkeys
  3 crimson imps
  2 centaur zombies (Ossuary)
  A jelly (D:8)
  A gnoll shaman (D:5)
  5 hounds
  2 human zombies (D:8)
  2 centaur skeletons
  4 human skeletons (D:8)
  7 orc wizards
  8 worker ants
  3 big kobold zombies (Ossuary)
  A hound zombie (D:6)
  2 mummies (Ossuary)
  2 worker ant zombies
  10 adders
  20 gnolls
  2 shadow imps (D:6)
  An adder skeleton (D:4)
  6 worms
  2 dart slugs (D:2)
  6 leopard geckos
  23 orcs
  4 bats
  6 giant cockroaches
  2 gnoll zombies (Ossuary)
  5 hobgoblins
  5 quokkas
  A ball python (D:1)
  6 frilled lizards
  19 goblins
  2 goblin zombies (Ossuary)
  A hobgoblin zombie (Ossuary)
  2 jackal skeletons (D:4)
  13 kobolds
  3 orc skeletons (D:8)
  5 orc zombies
  A quokka skeleton (D:8)
  A quokka zombie (D:5)
  6 rats
  A fungus (Lair:3)
304 creatures vanquished.

Vanquished Creatures (collateral kills)
  A black mamba (Lair:3)
  A spiny frog (Lair:4)
  A komodo dragon (Lair:2)
  2 hippogriffs
  3 yaks (Lair:2)
  2 water moccasins
  A porcupine (Lair:3)
  A phantom (D:6)
  4 wolves (Lair:3)
  A crocodile (Lair:3)
  A crimson imp (D:7)
  A hound (D:7)
  An orc wizard (D:7)
  Robin (D:4)
  3 gnolls (D:7)
24 creatures vanquished.

Vanquished Creatures (others)
  9 fungi
  4 plants
13 creatures vanquished.

Grand Total: 341 creatures vanquished

Notes
Turn   | Place    | Note
-------+----------+-------------------------------------------
     0 | D:1      | Exodus22XD the Deep Elf Wizard began the quest for the Orb.
     0 | D:1      | Reached XP level 1. HP: 10/10 MP: 7/7
   193 | D:1      | Reached skill level 2 in Conjurations
   318 | D:1      | Reached XP level 2. HP: 15/15 MP: 6/9
   868 | D:2      | Reached skill level 3 in Conjurations
   967 | D:2      | Reached XP level 3. HP: 19/19 MP: 3/10
  1492 | D:2      | Reached skill level 4 in Conjurations
  1506 | D:2      | Found a glowing silver altar of Zin.
  1515 | D:2      | Found a snail-covered altar of Cheibriados.
  1782 | D:3      | Reached XP level 4. HP: 6/24 MP: 0/12
  2244 | D:3      | Found a sparkling altar of Nemelex Xobeh.
  2272 | D:3      | Reached skill level 5 in Conjurations
  2383 | D:3      | Learned a level 2 spell: Call Imp
  2386 | D:3      | Learned a level 2 spell: Blink
  2390 | D:3      | Learned a level 3 spell: Conjure Flame
  2394 | D:3      | Learned a level 3 spell: Mephitic Cloud
  2574 | D:3      | Reached XP level 5. HP: 18/28 MP: 5/13
  3370 | D:4      | Noticed Pikel
  3370 | D:4      | Noticed a slave
  3370 | D:4      | Noticed a slave
  3370 | D:4      | Noticed a slave
  3371 | D:4      | Noticed a slave
  3587 | D:4      | Noticed Blork the orc
  3605 | D:4      | Killed Blork the orc
  3605 | D:4      | Reached XP level 6. HP: 25/32 MP: 0/14
  3724 | D:4      | Noticed Duvessa
  3781 | D:4      | Found Qararodd's Magic Scroll Emporium.
  3792 | D:4      | Noticed Dowan
  3797 | D:4      | Killed Duvessa
  3812 | D:4      | Found a sacrificial altar of Ru.
  4048 | D:4      | Found an ancient bone altar of Kikubaaqudgha.
  4095 | D:4      | Killed a slave
  4117 | D:4      | Killed a slave
  4121 | D:4      | Killed a slave
  4215 | D:4      | Reached XP level 7. HP: 27/36 MP: 3/15
  4358 | D:4      | Noticed Robin
  4400 | D:4      | Killed Pikel
  4414 | D:4      | Reached XP level 8. HP: 27/41 MP: 2/16
  4432 | D:4      | Killed Robin
  4561 | D:4      | Killed Dowan
  4789 | D:4      | Found Zillaaf's Weapon Shop.
  5118 | D:5      | Entered Level 5 of the Dungeon
  5146 | D:5      | Reached skill level 6 in Conjurations
  6154 | D:5      | Reached skill level 7 in Conjurations
  6835 | D:5      | Reached skill level 8 in Conjurations
  6981 | D:6      | Got a fine ruby amulet
  6982 | D:6      | Identified the amulet of Greater Demons {Inacc *Corrode
                  | Int+4 Stlth+} (You found it on level 6 of the Dungeon)
  8009 | D:6      | Found a staircase to the Ecumenical Temple.
  8079 | Temple   | Entered the Ecumenical Temple
  8097 | Temple   | Became a worshipper of Vehumet
  8247 | D:6      | Found an iron altar of Okawaru.
  8256 | D:6      | Reached XP level 9. HP: 42/45 MP: 3/21
  8639 | D:7      | Found a bloodstained altar of Trog.
  9091 | D:7      | Reached skill level 9 in Conjurations
  9317 | D:7      | Reached skill level 10 in Conjurations
  9597 | D:7      | Reached * piety under Vehumet
  9597 | D:7      | Offered knowledge of Shock by Vehumet.
  9628 | D:7      | Learned a level 1 spell: Shock
 10265 | D:8      | Found Seyjaucs's Jewellery Emporium.
 10291 | D:8      | Found an ancient bone altar of Kikubaaqudgha.
 10427 | D:8      | Reached skill level 11 in Conjurations
 10609 | D:8      | Found a sand-covered staircase.
 10639 | Ossuary  | Entered an ossuary
 10843 | Ossuary  | Reached ** piety under Vehumet
 10849 | Ossuary  | Offered knowledge of Throw Frost by Vehumet.
 11239 | D:8      | Reached XP level 10. HP: 50/50 MP: 12/23
 11574 | D:8      | Found a hazy altar of Hepliaklqana.
 11655 | D:9      | Offered knowledge of Static Discharge by Vehumet.
 11705 | D:9      | Found a staircase to the Lair.
 12064 | D:9      | Reached skill level 12 in Conjurations
 12383 | D:9      | Killed an unseen horror
 12997 | Lair:1   | Entered Level 1 of the Lair of Beasts
 12997 | Lair:1   | Noticed a spiny frog
 13010 | Lair:1   | Killed a spiny frog
 13010 | Lair:1   | Reached skill level 13 in Conjurations
 13420 | Lair:1   | Noticed a five-headed hydra
 13445 | Lair:1   | Killed a five-headed hydra
 13445 | Lair:1   | Reached skill level 14 in Conjurations
 13572 | Lair:1   | Reached skill level 5 in Summonings
 13601 | Lair:1   | Reached *** piety under Vehumet
 13754 | Lair:1   | Offered knowledge of Dazzling Spray by Vehumet.
 13776 | Lair:1   | Reached XP level 11. HP: 43/54 MP: 1/24
 14505 | Lair:2   | Noticed an eight-headed hydra
 14747 | Lair:1   | Learned a level 4 spell: Summon Lightning Spire
 14875 | Lair:2   | Reached **** piety under Vehumet
 15161 | Lair:2   | Offered knowledge of Venom Bolt by Vehumet.
 15163 | Lair:2   | Reached skill level 10 in Summonings
 15205 | Lair:2   | Noticed Harold
 15801 | Lair:2   | You fall through a shaft for 2 floors!
 15847 | Lair:4   | Got a shimmering ivory amulet
 15849 | Lair:4   | Identified the amulet of Vogufead {Gourm rC+ rN+ MR+} (You
                  | found it on level 4 of the Lair of Beasts)
 15889 | Lair:3   | Found a runed translucent gate.
 15892 | Lair:3   | Noticed a six-headed hydra
 15905 | Lair:4   | Learned a level 5 spell: Venom Bolt
 16041 | Lair:4   | Noticed a death yak
 16042 | Lair:4   | Noticed a death yak
 16045 | Lair:4   | Noticed a death yak
 16047 | Lair:4   | Noticed a death yak
 16295 | Lair:3   | Found a runed translucent gate.
 16295 | Lair:3   | Found a runed translucent gate.
 16474 | Lair:3   | Found a staircase to the Snake Pit.
 16592 | Lair:2   | Killed Harold
 16592 | Lair:2   | Reached skill level 10 in Spellcasting
 17027 | Lair:3   | Found a staircase to the Shoals.
 17125 | Lair:3   | Noticed a four-headed hydra
 17163 | Lair:3   | Killed a four-headed hydra
 17327 | Lair:3   | Noticed Rupert
 17358 | Lair:3   | Mangled by Rupert

Skill      XL: |  1  2  3  4  5  6  7  8  9 10 11 |
---------------+----------------------------------+-----
Conjurations   | 2 3 4 5 8 11 14 | 14.1
Summonings     | 2 4 6 10 | 10.6
Fire Magic     | 3 7 |  7.1
Spellcasting   | 7 11 | 11.1
Dodging        | |  2.4
Stealth        | |  2.4
Translocations | |  1.1

Action                   |  1- 3 |  4- 6 |  7- 9 | 10-12 || total
-------------------------+-------+-------+-------+-------++-------
Melee: Dagger            |    18 |     2 |       |       ||    20
       Mace              |       |       |   174 |     7 ||   181
 Cast: Magic Dart        |   105 |   129 |   305 |       ||   539
       Conjure Flame     |       |    10 |    32 |    50 ||    92
       Mephitic Cloud    |       |     6 |    17 |    19 ||    42
       Blink             |       |       |     5 |    16 ||    21
       Call Imp          |       |       |    18 |     2 ||    20
       Shock             |       |       |   165 |   362 ||   527
       Summon Lightning  |       |       |       |    27 ||    27
       Venom Bolt        |       |       |       |     8 ||     8
Evoke: Wand              |       |       |       |     9 ||     9
  Use: Potion            |     1 |       |     1 |       ||     2
       Scroll            |       |     6 |     4 |    13 ||    23
  Eat: Chunk             |     2 |     8 |    20 |    21 ||    51
       Ration            |       |       |     1 |     2 ||     3
Armor: Robe              |     2 |     5 |    59 |    17 ||    83
Dodge: Dodged            |    18 |    20 |   152 |   117 ||   307
